 Dungeon Crawl Stone Soup version 0.32-a0-433-g08bcfe7efd (webtiles) character file.

Game seed: 10921596620762484666

317 Sobieck the Shooter (level 6, -3/50 HPs)
             Began as a Coglin Hunter on Feb 22, 2024.
             Slain by a gnoll
             ... wielding a +0 flail
              (8 damage)
             ... on level 3 of the Dungeon.
             The game lasted 00:06:18 (2924 turns).

Sobieck the Shooter (Coglin Hunter)                 Turns: 2924, Time: 00:06:19

Health: -3/50      AC:  6    Str: 12    XL:     6   Next: 44%
Magic:  6/6        EV: 12    Int:  8    God:
Gold:   172        SH:  0    Dex: 19    Spells: 5/5 levels left

rFire   . . .        a - +0 shortbow {Urai}
rCold   . . .        (shield currently unavailable)
rNeg    . . .        c - +0 leather armour
rPois   .            (no helmet)
rElec   .            d - +0 cloak
rCorr   .            m - +0 pair of gloves
SInv    .            g - +0 pair of boots
Will    .....        p - amulet of the acrobat
Stlth   ++           (no ring)
HPRegen 0.28/turn    (no ring)
MPRegen 0.10/turn

%: acrobat
@: revving
A: off-hand wielding, slow wielding, warmup strikes, legs shutdown
a: no special abilities


You were on level 3 of the Dungeon.
You visited 1 branch of the dungeon, and saw 3 of its levels.
You also visited: Sewer.

You collected 202 gold pieces.
You spent 30 gold pieces at shops.

Inventory:

Hand Weapons
 a - a +0 shortbow (weapon) {Urai}
 h - a +0 sling of flaming
Armour
 c - a +0 leather armour (worn)
 d - a +0 cloak (worn)
 g - a +0 pair of boots (worn)
 m - a +0 pair of gloves (worn)
Jewellery
 p - an amulet of the acrobat (around neck)
Wands
 l - a wand of roots (5)
Scrolls
 b - a scroll of butterflies
 f - a scroll of vulnerability {unknown}
 j - a scroll of noise
 k - a scroll of revelation
 q - a scroll of torment
Potions
 i - 2 potions of enlightenment
 n - a potion of cancellation
 o - 2 potions of mutation
 Q - 3 potions of curing


   Skills:
 + Level 4.8 Fighting
 + Level 5.4 Ranged Weapons
 - Level 1.7 Dodging
 - Level 0.7 Stealth


You had 5 spell levels left.
You didn't know any spells.
Your spell library contained the following spells:

 Spells                   Type           Power      Damage    Failure   Level
 Ensorcelled Hibernation  Hex/Ice        0%         N/A       63%         2
 Inner Flame              Hex/Fire       0%         N/A       86%         3
 Passwall                 Erth           0%         N/A       86%         3
 Summon Ice Beast         Ice/Summ       0%         N/A       86%         3
 Swiftness                Air            0%         N/A       86%         3
 Irradiate                Conj/Alch      0%         3d11      100%        5
 Summon Mana Viper        Hex/Summ       0%         N/A       100%        5
 Monstrous Menagerie      Summ           0%         N/A       100%        7
 Ignition                 Fire           0%         3d3       100%        8


Dungeon Overview and Level Annotations

Branches:
Dungeon (3/15)              Sewer (visited)

Altars:

Shops:
D:1 ?   D:2 (!:


Innate Abilities, Weirdness & Mutations

You can wield a second weapon in your off-hand.
It takes a long time for you to wield or remove held weapons.
Your first few attacks do less damage.
Attacking and casting redirects power from your legs.


Message History

The gnoll hits your butterfly with a +0 flail!
Your butterfly dies!
Your butterfly disappears in a burst of colours!
The gnoll closely misses your butterfly.
The orc closely misses you. The orc barely misses you.
The gnoll closely misses your butterfly.
The gnoll misses your butterfly. The orc misses your butterfly.
There is an open door here.
Unknown command.
The gnoll completely misses your butterfly.
The gnoll closely misses your butterfly.
The gnoll misses you.
The orc hits your butterfly with a +0 mace.
Your butterfly dies!
Your butterfly disappears in a burst of colours!
The gnoll hits your butterfly with a +2 flail of protection!
Your butterfly dies!
Your butterfly disappears in a burst of colours!
The orc hits you but does no damage. Something misses your butterfly.
The orc hits your butterfly with a +0 whip.
Your butterfly dies!
Your butterfly disappears in a burst of colours!
Something closely misses your butterfly.
Unknown command.
You swap places.
The gnoll hits you with a +0 flail.
* * * LOW HITPOINT WARNING * * *
The gnoll completely misses you. x2; The gnoll closely misses you.
The orc misses your butterfly. The orc misses you.
The orc closely misses your butterfly.
Unknown command.
Unknown command.
The gnoll attacks as it pursues you! The gnoll completely misses you.
The gnoll attacks as it pursues you!
The gnoll hits you from afar with a +0 spear.
* * * LOW HITPOINT WARNING * * *
The gnoll closely misses your butterfly.
The gnoll hits your butterfly with a +0 flail!
Your butterfly dies!
Your butterfly disappears in a burst of colours!
The orc hits your butterfly with a +0 mace.
Your butterfly dies!
Your butterfly disappears in a burst of colours!
The orc barely misses your butterfly. The gnoll completely misses you.
The orc misses your butterfly.
The air fills with toxic fumes!
As you read the scroll labelled QOMMIW KEPS, it crumbles to dust.
It was a scroll of poison.
The gnoll closely misses your butterfly.
The gnoll hits you with a +0 flail!
You die...

.........................
~~≈~~~~~)~go~~§§§§§§§§§§~
≈~≈≈~≈≈≈≈~)≈≈≈≈§§bb§§§§§≈
####)≈≈~≈~~~)~~§...b§§§≈
goo#...........§b§.bb...
...#############ogb§#####
##'#


..oobbbbb#ogg§#§§§. .#.' ..g§gbbbbbbgg§§§§§. .# ...§§b.bo#@gg§#§§§. .#
################### .# .# .# .# .#.# ##'# # ...##############################
You could see 8 gnolls and 4 orcs.

Vanquished Creatures
  A brain worm (Sewer)
  A howler monkey (D:3)
  A hound (D:3)
  3 gnolls (D:3)
  4 adders
  3 river rats (Sewer)
  2 dart slugs (D:1)
  2 ribbon worms
  3 orcs (D:3)
  An endoplasm (D:3)
  4 giant cockroaches
  5 goblins
  5 hobgoblins
  14 jackals
  6 quokkas
  7 ball pythons
  11 bats
  5 frilled lizards
  2 kobolds
  6 rats
86 creatures vanquished.

Notes
Turn   | Place    | Note
-------+----------+-------------------------------------------
     0 | D:1      | Sobieck the Coglin Hunter began the quest for the Orb.
     0 | D:1      | Reached XP level 1. HP: 16/16 MP: 1/1
   155 | D:1      | Reached XP level 2. HP: 23/23 MP: 2/2
   526 | D:1      | Reached skill level 4 in Ranged Weapons
   565 | D:1      | Found Tiar's Magic Scroll Shoppe.
   574 | D:1      | Bought a scroll of noise for 10 gold pieces
   574 | D:1      | Bought a scroll of identify for 20 gold pieces
   729 | D:2      | Reached XP level 3. HP: 28/28 MP: 3/3
   851 | D:2      | Found Boeptio's Distillery.
   894 | D:2      | Found Jackis's Book Shoppe.
   905 | D:2      | Found Kuimut's Antique Weapon Boutique.
  1000 | D:2      | Found a faded altar of an unknown god.
  1012 | D:2      | Reached skill level 3 in Fighting
  1313 | D:2      | Reached XP level 4. HP: 30/35 MP: 4/4
  1781 | D:3      | Found a glowing drain.
  1792 | Sewer    | Entered a sewer
  1982 | Sewer    | Noticed a brain worm
  1988 | Sewer    | Killed a brain worm
  1989 | Sewer    | Reached XP level 5. HP: 28/42 MP: 2/5
  2285 | Sewer    | Reached skill level 5 in Ranged Weapons
  2748 | D:3      | Reached XP level 6. HP: 38/49 MP: 6/6
  2924 | D:3      | Slain by a gnoll

Illustrated notes

Levels and vault maps discovered:
D:1:      nagdon_arrival_double_spiral, layout_loops_ring, serial_shops, shop,
          minivault_24
D:2:      layout_loops_ring, serial_shops, shop, shop,
          nicolae_shop_window_shopping, serial_aquarium, aquarium_bridge_square
          [aquarium_subvault_window, aquarium_subvault_wall,
          aquarium_subvault_bridge, aquarium_subvault_bridge],
          aquarium_window_1, aquarium_window_1, aquarium_window_fake,
          aquarium_window_fake, aquarium_view_2b, aquarium_view_2d,
          hellmonk_ecumenical_altar_crossroads
D:3:      lemuel_castle_with_subvaults [lemuel_castle_interior_carwin_1],
          layout_basic, cheibrodos_sewer_entry_drain, corexii_corridor_pit,
          feat_on_display, uniq_ijyb

Skill      XL: |  1  2  3  4  5 |
---------------+----------------+-----
Ranged Weapons | 4 5 |  5.4
Fighting       | 3 4 |  4.8
Dodging        | |  1.7
Stealth        | |  0.7

Action                     |  1- 3 |  4- 6 || total
---------------------------+-------+-------++-------
   Fire: Shortbow          |   118 |   207 ||   325
    Use: Scroll            |     3 |     9 ||    12
         Potion            |       |     1 ||     1
 Armour: Leather armour    |    29 |    95 ||   124
  Dodge: Dodged            |    41 |   127 ||   168

Table legend: (Time is in decaauts)
 A = Elapsed time spent in this place.
 B = Non-inter-level travel time spent in this place.
 C = Inter-level travel time spent in this place.
 D = Time resting spent in this place.
 E = Time spent auto-exploring this place.
 F = Levels seen in this place.
 G = Mean time per level.
                   A        B        C        D        E       F      G
               +--------+--------+--------+--------+--------+-----+--------+
         Total |   3224 |   3159 |     65 |    175 |   2149 |   4 |  806.0 |
       Dungeon |   2235 |   2170 |     65 |      2 |   1647 |   3 |  745.0 |
         Sewer |    988 |    988 |      0 |    173 |    501 |   1 |  988.0 |
               +--------+--------+--------+--------+--------+-----+--------+

Top non-repeatable levels by time:
   Sewer: 988 daAuts
     D:2: 928 daAuts
     D:1: 775 daAuts
     D:3: 531 daAuts
